 Dungeon Crawl Stone Soup version 0.32-a0-41-gec2d92a32c (webtiles) character file.

Game seed: 13543259331731968217

1019 Dittersdorf the Shield-Bearer (level 8, -4/51 HPs)
             Began as a Gargoyle Fighter on Jan 25, 2024.
             Was an Initiate of Gozag.
             Slain by a wight
             ... wielding a +3 battleaxe
              (12 damage)
             ... on level 6 of the Dungeon.
             The game lasted 00:04:49 (4420 turns).

Dittersdorf the Shield-Bearer (Gargoyle Fighter)    Turns: 4420, Time: 00:04:50

Health: -4/51      AC: 12    Str: 22    XL:     8   Next: 22%
Magic:  8/8        EV: 10    Int:  9    God:    Gozag
Gold:   510        SH:  5    Dex:  9    Spells: 7/7 levels left

rFire   . . .        a - +0 flail
rCold   . . .        c - +0 buckler
rNeg    + . .        n - +1 ring mail {Will+}
rPois   ∞            (no helmet)
rElec   +            (no cloak)
rCorr   .            (no gloves)
SInv    .            (no boots)
Will    +....        (no amulet) Stlth
                     (no ring)
HPRegen 0.28/turn    (no ring)
MPRegen 0.11/turn

%: no passive effects
@: gold aura
A: sickness immunity, AC +5, negative energy resistance 1, electricity
resistance, torment resistance 1, petrification resistance
a: Renounce Religion, Potion Petition, Call Merchant, Bribe Branch


You were on level 6 of the Dungeon.
You worshipped Gozag.
Gozag was pleased with you.
You visited 1 branch of the dungeon, and saw 6 of its levels.

You collected 526 gold pieces.
You paid 16 gold pieces to Gozag.

Inventory:

Hand Weapons
 a - a +0 flail (weapon)
 l - a +0 whip of venom
Missiles
 y - a throwing net (quivered)
Armour
 c - a +0 buckler (worn)
 j - a +0 chain mail
 n - a +1 ring mail of willpower (worn)
 r - a +0 plate armour
Wands
 x - a wand of mindburst (12)
Scrolls
 e - 2 scrolls of identify {unknown}
 g - a scroll of amnesia {unknown}
 h - 4 scrolls of teleportation {unknown}
 s - 2 scrolls of enchant weapon {unknown}
 t - a scroll of enchant armour {unknown}
 w - 3 scrolls of blinking {unknown}
 z - a scroll of noise {unknown}
 A - a scroll of fog {unknown}
 C - a scroll of fear {unknown}
Potions
 b - 2 potions of heal wounds {unknown}
 d - a potion of might
 f - a potion of magic {unknown}
 i - 2 potions of cancellation {unknown}
 k - a potion of brilliance {unknown}
 m - a potion of haste {unknown}
 o - a potion of attraction {unknown}
 p - 2 potions of curing {unknown}
 q - a potion of enlightenment {unknown}
 u - a potion of berserk rage {unknown}
 v - a potion of ambrosia {unknown}
 B - a potion of degeneration {unknown}


   Skills:
 + Level 6.0 Fighting
 + Level 4.9 Maces & Flails
 + Level 6.0 Armour
 + Level 6.1 Shields


You had 7 spell levels left.
You didn't know any spells.
Your spell library contained the following spells:

 Spells                   Type           Power      Damage    Failure   Level
 Sandblast                Erth           0%         2d4       58%         1
 Passwall                 Erth           0%         N/A       92%         3
 Stone Arrow              Conj/Erth      0%         3d7       92%         3
 Brom's Barrelling Bould  Conj/Erth      0%         2d3       100%        4


Dungeon Overview and Level Annotations

Branches:
Dungeon (6/15)             Temple (0/1) D:4

Altars:
Gozag
Qazlal
Sif Muna
Xom
Yredelemnul

Annotations:
D:3 1 runed translucent door, ranchalot's ghost, amateur OnCA
D:5 3 runed translucent doors, DeathSocks's ghost, weakling MiDe


Innate Abilities, Weirdness & Mutations

You are immune to sickness and miasma.
Your stone body is resilient. (AC +5)
You are immune to poison.
You resist negative energy. (rN+)
You are resistant to electric shocks. (rElec)
You are resistant to unholy torment.
You are immune to petrification.


Message History

You are too injured to fight recklessly!
You are too injured to fight recklessly!
You are too injured to fight recklessly!
You are too injured to fight recklessly!
You are too injured to fight recklessly!
Your +0 whip of venom stops dripping with poison.
a - a +0 flail (weapon)
You are too injured to fight recklessly!
You thump the wight!
The wight is heavily damaged.
The wight is no longer distracted by gold.
The wight hits you with a +3 long sword!
* * * LOW HITPOINT WARNING * * *
You sock the wight!
The wight is severely damaged.
The wight hits you but does no damage.
You hit the wight.
You destroy the wight!
Your Fighting skill increases to level 6!
Your Shields skill increases to level 6!
You closely miss the wight.
The wight is heavily damaged.
The wight barely misses you.
You hit the wight.
The wight is severely damaged.
The wight hits you with a +3 long sword.
* * * LOW HITPOINT WARNING * * *
You sock the wight!
You destroy the wight!
Your Armour skill increases to level 6!
You thump the wight!
The wight is moderately damaged.
The wight hits you with a +3 battleaxe.
* * * LOW HITPOINT WARNING * * *
The wight hits you but does no damage.
You closely miss the wight.
The wight is moderately damaged.
You block the wight's attack. x2; The wight hits you with a +3 battleaxe!
You die...
Your body crumbles into a pile of gold.

................
#####...........
#.#..........
##.#....#####. #..#....#
#.##....### #.##......#
##.##...##.#######..#
###..##...##....@zz.#
.......[.##########...!.
..<....### ##. .......#
.......# .......#
.......# .......#
########


You could see 2 wights.

Vanquished Creatures
  A phantom (D:4)
  A weeping skull (D:4)
  2 scorpions
  3 wights (D:6)
  3 bombardier beetles
  5 hounds
  A jelly (D:5)
  A sleepcap (D:6)
  Jessica (D:3)
  3 iguanas
  An orc wizard (D:6)
  8 adders
  3 dart slugs
  A ribbon worm (D:4)
  9 orcs
  10 endoplasms
  A giant cockroach (D:4)
  7 goblins
  6 hobgoblins
  3 jackals (D:5)
  6 quokkas
  9 ball pythons
  A bat (D:1)
  4 frilled lizards
  8 kobolds
  5 rats
  A spectral orc (D:4)
104 creatures vanquished.

Notes
Turn   | Place    | Note
-------+----------+-------------------------------------------
     0 | D:1      | Dittersdorf the Gargoyle Fighter began the quest for the
                  | Orb.
     0 | D:1      | Reached XP level 1. HP: 14/14 MP: 1/1
   154 | D:1      | Reached XP level 2. HP: 19/19 MP: 2/2
   804 | D:2      | Reached XP level 3. HP: 15/23 MP: 3/3
  1280 | D:3      | Found a faded altar of an unknown god.
  1347 | D:3      | Found an opulent altar of Gozag.
  1366 | D:3      | Became a worshipper of Gozag Ym Sagoz the Greedy
  1392 | D:3      | Reached XP level 4. HP: 27/29 MP: 4/4
  1436 | D:3      | Found a shimmering altar of Xom.
  1439 | D:3      | Found a shimmering altar of Xom.
  1440 | D:3      | Found a shimmering altar of Xom.
  1867 | D:3      | Found a runed translucent door.
  1868 | D:3      | Noticed ranchalot's ghost (amateur OnCA)
  2068 | D:3      | Noticed Jessica
  2075 | D:3      | Killed Jessica
  2112 | D:3      | Found a shimmering blue altar of Sif Muna.
  2491 | D:4      | Noticed a phantom
  2522 | D:4      | Killed a phantom
  2523 | D:4      | Reached XP level 5. HP: 22/34 MP: 5/5
  2806 | D:4      | Reached XP level 6. HP: 29/39 MP: 6/6
  3203 | D:4      | Found a basalt altar of Yredelemnul.
  3232 | D:4      | Reached skill level 5 in Shields
  3372 | D:4      | Reached skill level 5 in Fighting
  3432 | D:4      | Found a staircase to the Ecumenical Temple.
  3464 | D:5      | Entered Level 5 of the Dungeon
  3473 | D:5      | Reached skill level 5 in Armour
  3509 | D:5      | Reached XP level 7. HP: 44/44 MP: 7/7
  3653 | D:5      | Found a runed translucent gate.
  3653 | D:5      | Found a runed translucent gate.
  3672 | D:5      | Found a runed translucent gate.
  3673 | D:5      | Noticed DeathSocks's ghost (weakling MiDe)
  4222 | D:6      | Found a stormy altar of Qazlal.
  4319 | D:6      | Reached XP level 8. HP: 40/51 MP: 8/8
  4420 | D:6      | Slain by a wight

Illustrated notes

Levels and vault maps discovered:
D:1:      dpeg_arrival_ternary, layout_basic, serial_forest,
          infiniplex_forest_clump_medium, infiniplex_forest_clump_diagonal,
          infiniplex_forest_zigzag_1, infiniplex_forest_corner_2,
          infiniplex_forest_lined_room_2, infiniplex_forest_clump_C,
          infiniplex_forest_clump_tiny, infiniplex_forest_straight_3,
          chequers_serial_rivers_small_b, chequers_serial_rivers_large_a
D:2:      layout_basic
D:3:      layout_basic, tgw_sif, mainiacjoe_overflow_boulevard, xom_redecorated,
          nicolae_ecumenical_oubliette, hellmonk_ghost_happy_afterlife,
          supply_closet_lemuel
D:4:      layout_gridville, yredelemnul_forgotten_temple_becter,
          minmay_temple_entry_poolview, nicolae_concentric_dashed_squares_wild,
          kennysheep_generic_room_2
D:5:      layout_rooms, gammafunk_ghost_split, hex_medium
D:6:      layout_rooms, lemuel_crystal_altar, hangedman_decor_riveting

Skill      XL: |  1  2  3  4  5  6  7  8 |
---------------+-------------------------+-----
Shields        | 4 5 6 |  6.1
Fighting       | 4 5 6 |  6.0
Armour         | 4 5 6 |  6.0
Maces & Flails | 3 4 |  4.9

Action                     |  1- 3 |  4- 6 |  7- 9 || total
---------------------------+-------+-------+-------++-------
  Melee: Flail             |   114 |       |     8 ||   122
         Whip              |     4 |   183 |   153 ||   340
   Stab: Held in net/web   |       |     1 |       ||     1
         Distracted        |       |       |     1 ||     1
 Armour: Scale mail        |    22 |       |       ||    22
         Chain mail        |    76 |    20 |       ||    96
         Ring mail         |       |    70 |   125 ||   195
  Dodge: Dodged            |    51 |    56 |    78 ||   185
  Block: Buckler           |    22 |    34 |    32 ||    88

Table legend: (Time is in decaauts)
 A = Elapsed time spent in this place.
 B = Non-inter-level travel time spent in this place.
 C = Inter-level travel time spent in this place.
 D = Time resting spent in this place.
 E = Time spent auto-exploring this place.
 F = Levels seen in this place.
 G = Mean time per level.
                   A        B        C        D        E       F      G
               +--------+--------+--------+--------+--------+-----+--------+
         Total |   4446 |   4278 |    168 |    209 |   3154 |   6 |  741.0 |
       Dungeon |   4446 |   4278 |    168 |    209 |   3154 |   6 |  741.0 |
               +--------+--------+--------+--------+--------+-----+--------+

Top non-repeatable levels by time:
     D:3: 1162 daAuts
     D:4: 989 daAuts
     D:1: 802 daAuts
     D:5: 727 daAuts
     D:2: 551 daAuts
     D:6: 214 daAuts
